Map: Simulacrum LE

Players

Plague

  • Race: Zerg Zerg
  • League: Master
  • Spawn Location: 5:00

Trap - Winner!

  • Race: Protoss Protoss
  • League: Diamond
  • Spawn Location: 11:00

VOD

Have the link to the VOD?

Description

Time

  • Played on: May 26, 2020, 4:10 a.m.
  • Length: 16:29
Show
View Real Time Build Order
Export as new Build Order

Plague Zerg 

Build Orders: Hatch First, Lurkers, Roach Hydra 

Get SALT Encoding   

  12  0:01  Drone  
  13  0:08  Drone  
  14  0:14  Extractor  
  14  0:15  Drone  
  15  0:38  Hatchery  
  15  0:42  Extractor  
  13  0:43  Drone  
  15  0:57  Spawning Pool  
  15  1:01  Extractor  
  15  1:02  Drone  
  14  1:08  Extractor, Drone  
  16  1:13  Overlord  
  16  1:32  Drone x2  
  18  1:37  Drone  
  19  1:43  Queen  
  21  1:48  Drone  
  21  1:49  Queen  
  21  1:50  Drone  
  25  1:56  Overlord  
  25  2:02  Overlord  
  25  2:16  Drone x2  
  25  2:19  Queen  
  29  2:25  Queen  
  31  2:31  Zergling x2  
  31  2:32  Zergling x2  
  31  2:34  Drone x2  
  35  2:40  Overlord  
  35  2:45  Drone  
  35  2:50  Drone  
  37  2:52  Drone  
  37  2:53  Drone x2  
  37  2:54  Drone  
  41  3:04  Drone x4  
  45  3:14  Overlord  
  45  3:15  Overlord  
  45  3:20  Extractor  
  45  3:21  Extractor  
  45  3:22  Extractor  
  42  3:31  Drone x2  
  44  3:34  Drone  
  44  3:35  Drone x5  
  49  3:54  Zergling x6  
  49  4:11  Spore Crawler  
  49  4:12  Drone x7  
  55  4:31  Drone x3  
  58  4:39  Lair  
  58  4:41  Roach Warren  
  58  4:43  Drone  
  58  4:44  Extractor, Drone  
  58  4:47  Hatchery  
  58  4:52  Overlord x3  
  57  5:01  Hatchery  
  56  5:13  Spore Crawler  
  55  5:21  Roach x8  
  71  5:29  Overlord  
  69  5:53  Drone x7  
  69  5:56  Glial Reconstitution  
  76  5:58  Hydralisk Den  
  75  6:14  Drone  
  75  6:15  Drone  
  77  6:19  Evolution Chamber, Drone x4  
  77  6:22  Extractor  
  77  6:23  Extractor  
  78  6:27  Overseer  
  78  6:29  Overseer  
  78  6:31  Overseer  
  78  6:36  Roach x5  
  78  6:39  Grooved Spines, Lurker Den  
  84  7:05  Drone x3  
  84  7:06  Drone x2  
  84  7:07  Drone x4  
  84  7:08  Drone x5  
  98  7:23  Hydralisk x2  
  98  7:26  Overlord x2  
  98  7:27  Overlord x4  
  98  7:28  Zerg Missile Weapons Level 1  
  102  7:30  Infestation Pit  
  102  7:32  Tunneling Claws  
  102  7:34  Burrow  
  101  7:45  Hydralisk x6  
  101  7:46  Hydralisk x3  
  101  7:51  Muscular Augments  
  119  7:58  Lurker  
  119  7:59  Lurker  
  121  8:08  Drone x4  
  121  8:09  Drone x5  
  130  8:22  Extractor  
  130  8:24  Extractor  
  127  8:31  Drone x4  
  127  8:32  Drone x3  
  129  8:41  Lurker  
  129  8:42  Lurker x6  
  136  9:13  Hydralisk x3  
  136  9:16  Overlord x7  
  142  9:35  Drone  
  142  9:36  Drone x5  
  132  9:46  Lurker x2  
  132  9:48  Hydralisk x9  
  132  9:49  Spore Crawler, Spine Crawler x2, Hydralisk x8  
  130  10:34  Hydralisk  
  130  10:35  Hydralisk x5  
  136  10:38  Lurker x9  
  142  10:43  Roach x5  
  142  10:48  Roach x5  
  164  11:11  Roach x10  
  164  11:12  Roach x4  
  164  11:14  Queen  
  192  11:35  Roach x2  
  192  11:45  Overseer  
  189  11:56  Roach x2  
  189  11:57  Roach  
  153  12:21  Hydralisk x15  
  153  12:22  Hydralisk x6  
  160  12:42  Roach  
  160  12:43  Roach x12  
  159  12:47  Roach x6  
  159  12:48  Roach x2  
  145  13:02  Drone x4  
  131  13:13  Hydralisk x4  
  131  13:14  Hydralisk x5  
  149  13:30  Extractor  
  140  13:37  Spine Crawler  
  137  13:41  Hive  
  137  13:56  Lurker x2  
  137  13:57  Lurker x2  
  137  13:58  Hydralisk x3  
  147  14:06  Pneumatized Carapace  
  147  14:13  Drone x3  
  147  14:16  Extractor  
  149  14:21  Queen  
  149  14:23  Queen  
  149  14:24  Hatchery  
  152  14:32  Lurker  
  152  14:34  Lurker x2  
  152  14:50  Overseer x2  
  146  14:56  Roach x9  
  122  15:16  Hydralisk x8  
  114  15:28  Seismic Spines  
  105  15:59  Hydralisk x8  
Show
View Real Time Build Order
Export as new Build Order

Trap Protoss - Winner!

Build Orders:  

Get SALT Encoding   

  12  0:01  Probe  
  13  0:13  Probe  
  14  0:21  Pylon  
  14  0:25  Probe  
  15  0:39  Probe (Chrono Boost)  
  15  0:40  Gateway  
  16  0:47  Probe (Chrono Boost)  
  16  0:48  Assimilator  
  17  0:53  Probe  
  18  1:05  Probe  
  19  1:15  Pylon  
  19  1:18  Probe  
  20  1:25  Zealot (Chrono Boost)  
  20  1:30  Cybernetics Core  
  20  1:32  Probe  
  23  1:45  Probe  
  24  1:55  Nexus  
  24  1:59  Probe  
  25  2:03  Assimilator  
  25  2:06  Adept (Chrono Boost)  
  25  2:11  Warp Gate  
  25  2:15  Probe  
  28  2:21  Pylon  
  28  2:27  Probe  
  29  2:30  Adept  
  31  2:39  Probe  
  32  2:48  Twilight Council  
  32  2:51  Probe  
  33  3:00  Stalker  
  33  3:03  Probe  
  36  3:07  Probe  
  37  3:13  Robotics Facility  
  37  3:17  Probe  
  37  3:19  Probe  
  39  3:29  Probe  
  39  3:31  Probe  
  41  3:40  Resonating Glaives (Chrono Boost)  
  41  3:41  Probe  
  42  3:43  Probe  
  43  3:56  Gateway  
  43  3:57  Gateway  
  43  3:59  Probe x2, Gateway  
  43  4:15  Probe x2  
  45  4:20  Warp Prism  
  45  4:25  Adept  
  45  4:28  Assimilator  
  45  4:30  Probe x2, Assimilator  
  49  4:31  Pylon  
  49  4:35  Pylon  
  49  4:37  Forge  
  49  4:42  Probe x2  
  51  4:46  Adept  
  53  4:54  Probe  
  53  4:57  Adept x3  
  60  5:03  Protoss Ground Weapons Level 1 (Chrono Boost), Observer  
  60  5:04  Probe  
  60  5:06  Probe  
  63  5:07  Pylon  
  63  5:12  Blink  
  63  5:15  Sentry  
  65  5:21  Probe  
  65  5:22  Probe  
  65  5:26  Stalker  
  65  5:27  Stalker  
  71  5:32  Pylon  
  69  5:50  Immortal (Chrono Boost)  
  69  5:53  Probe x2  
  75  6:05  Nexus, Robotics Bay  
  75  6:09  Stalker x2  
  79  6:12  Pylon  
  79  6:20  Probe x2  
  81  6:33  Pylon  
  81  6:35  Probe x2  
  81  6:37  Zealot x4  
  91  6:41  Shield Battery  
  91  6:47  Probe  
  92  6:54  Disruptor (Chrono Boost)  
  92  7:00  Probe x2, Gateway  
  97  7:02  Gateway  
  97  7:03  Gateway  
  97  7:13  Charge, Protoss Ground Weapons Level 2 (Chrono Boost)  
  97  7:16  Robotics Facility  
  97  7:22  Probe x2  
  99  7:23  Probe  
  100  7:34  Probe x2, Disruptor (Chrono Boost)  
  102  7:41  Gateway  
  102  7:43  Pylon x2  
  102  7:44  Probe  
  106  7:47  Pylon  
  106  7:49  Assimilator  
  106  7:50  Assimilator  
  106  7:55  Probe x2  
  106  7:58  Templar Archives  
  108  8:00  Stalker  
  108  8:01  Disruptor (Chrono Boost), Stalker x2  
  117  8:08  Probe  
  117  8:09  Pylon  
  119  8:12  Observer (Chrono Boost)  
  119  8:16  Probe x2  
  121  8:26  Disruptor (Chrono Boost)  
  122  8:36  Colossus (Chrono Boost)  
  124  8:46  Extended Thermal Lance  
  124  8:51  Probe x2  
  124  8:53  Disruptor (Chrono Boost)  
  129  8:57  Probe  
  130  9:04  Pylon  
  130  9:06  Pylon  
  130  9:08  Sentry x3, Pylon  
  130  9:09  Stalker x3  
  142  9:10  Pylon, Stalker x2  
  142  9:13  Gateway  
  146  9:23  Colossus  
  152  9:37  Nexus  
  152  9:47  Pylon  
  152  9:49  Zealot x4  
  152  9:50  Zealot x4  
  141  10:16  Zealot x2, Stalker x3  
  141  10:17  Stalker x2  
  141  10:18  Observer  
  150  10:30  Zealot  
  144  10:35  Probe  
  144  10:41  Colossus (Chrono Boost)  
  144  10:42  Disruptor (Chrono Boost)  
  143  10:49  Shield Battery  
  152  10:50  Shield Battery  
  152  10:51  Probe  
  152  10:52  Photon Cannon, Probe x2  
  152  10:53  Probe  
  152  10:54  Photon Cannon  
  152  10:55  Protoss Ground Weapons Level 3 (Chrono Boost)  
  156  11:04  Probe  
  160  11:14  Probe x3  
  160  11:18  Disruptor (Chrono Boost)  
  163  11:21  Colossus (Chrono Boost)  
  169  11:28  Stalker x2  
  169  11:29  Stalker x3  
  175  11:55  Colossus  
  175  11:58  Zealot x3  
  182  12:02  Stalker x2  
  180  12:21  Zealot x2  
  175  12:34  Colossus (Chrono Boost)  
  133  12:51  Disruptor (Chrono Boost)  
  111  13:08  Stalker x8  
  115  13:14  Assimilator  
  115  13:15  Assimilator  
  115  13:20  Gateway  
  115  13:27  Gateway  
  115  13:32  Zealot x2  
  115  13:33  Zealot x3, Stalker  
  115  13:34  Stalker x2  
  131  13:53  Disruptor x2 (Chrono Boost)  
  137  13:57  Stalker x3  
  137  13:58  Sentry x3  
  137  13:59  Stalker x2  
  153  14:04  Protoss Ground Armor Level 1 (Chrono Boost)  
  153  14:23  Disruptor x2 (Chrono Boost)  
  153  14:29  Zealot x6  
  153  14:30  Zealot x4  
  153  14:31  Zealot  
  181  14:54  Stalker  
  181  14:55  Stalker x8  
  195  15:07  Zealot x2  
  197  15:18  Zealot x2  
  197  15:19  Zealot x3  
  188  15:27  Disruptor x2 (Chrono Boost)  
  182  15:42  High Templar x4  
  186  15:43  High Templar x2  
  186  15:46  Probe x3  
  193  15:51  Disruptor  
  193  15:52  Disruptor  
  199  16:08  Robotics Facility  
Tags
 
Add a new tag
Caveats
  • Supply blocks, unpowered buildings, or Contaminate may cause inaccurate times.
  • Supply counts are checked every 10 seconds.